 Dungeon Crawl Stone Soup version 0.27-a0-406-g23f261fbd2 (webtiles) character file.

Game seed: 11634611093670477849

1609 SkeletonJelly the Fighter (level 8, -2/75 HPs)
             Began as a Minotaur Monk on Feb 22, 2021.
             Was an Elder of Zin.
             Slain by a cyclops (24 damage)
             ... on level 7 of the Dungeon.
             The game lasted 00:11:29 (7811 turns).

SkeletonJelly the Fighter (Minotaur Monk)           Turns: 7811, Time: 00:11:30

Health: -2/75      AC: 12    Str: 19    XL:     8   Next: 63%
Magic:  9/9        EV: 12    Int:  8    God:    Zin [****..]
Gold:   357        SH:  0    Dex: 14    Spells: 7/7 levels left

rFire    . . .     SeeInvis .   a - +0 hand axe
rCold    . . .     Faith    .   (no shield)
rNeg     . . .     Spirit   .   t - +0 scale mail
rPois    ∞         Reflect  .   (helmet restricted)
rElec    .         Harm     .   I - +2 cloak
rCorr    +         Rampage  .   L - +1 pair of gloves
Will     +....                  (no boots)
Stlth    ..........             D - amulet of magic regeneration
HPRegen  0.22/turn              g - ring of willpower
MPRegen  0.36/turn              k - ring of resist corrosion

@: vitalised
A: retaliatory headbutt, horns 2
a: Renounce Religion, Recite, Vitalisation, Imprison, Donate Gold


You were on level 7 of the Dungeon.
You worshipped Zin.
Zin was greatly pleased with you.
You visited 2 branches of the dungeon, and saw 8 of its levels.

You collected 396 gold pieces.
You donated 39 gold pieces to Zin.

Inventory:

Hand Weapons
 a - a +0 hand axe (weapon)
Missiles
 i - 4 curare-tipped darts
 w - 12 poisoned darts (quivered)
 H - 8 javelins
Armour
 b - a +0 robe
 j - a +0 leather armour
 t - a +0 scale mail (worn)
 u - a +0 cloak
 I - a +2 cloak (worn)
 L - a +1 pair of gloves (worn)
Jewellery
 d - a +6 ring of intelligence
 g - a ring of willpower (left hand)
 k - a ring of resist corrosion (right hand)
 D - an amulet of magic regeneration (around neck)
 K - a ring of ice
Wands
 x - a wand of digging (7)
 B - a wand of iceblast (3)
 G - a wand of paralysis (5)
Scrolls
 e - 2 scrolls of enchant armour
 h - 3 scrolls of teleportation
 m - 6 scrolls of identify
 p - 2 scrolls of magic mapping
 q - 2 scrolls of fear
 r - a scroll of immolation {unknown}
 y - a scroll of random uselessness {unknown}
 C - a scroll of enchant weapon {unknown}
 J - a scroll of amnesia {unknown}
Potions
 c - 2 potions of mutation
 f - 2 potions of invisibility {unknown}
 l - 2 potions of lignification
 n - a potion of attraction {unknown}
 o - 6 potions of curing {unknown}
 s - a potion of degeneration {unknown}
 v - a potion of magic {unknown}
 z - a potion of heal wounds {unknown}
 A - a potion of cancellation {unknown}
 E - a potion of berserk rage {unknown}
 F - a potion of brilliance {unknown}
 M - a potion of might {unknown}


   Skills:
 + Level 8.4 Fighting
 * Level 8.3 Axes
 + Level 5.0 Armour
 - Level 5.0 Dodging
 - Level 1.5 Stealth
 + Level 2.8 Invocations


You had 7 spell levels left.
You didn't know any spells.
Your spell library contained the following spells:

 Spells                   Type           Power        Failure   Level
 Animate Armour           Summ/Erth      0%           100%        4
 Leda's Liquefaction      Hex/Erth       0%           100%        4
 Bolt of Magma            Conj/Fire/Erth 0%           100%        5
 Iron Shot                Conj/Erth      0%           100%        6
 Statue Form              Tmut/Erth      0%           100%        6
 Shatter                  Erth           0%           100%        9


Dungeon Overview and Level Annotations

Branches:
Dungeon (7/15)             Temple (1/1) D:4

Altars:
Ashenzari
Dithmenos
Elyvilon
Fedhas
Gozag
Hepliaklqana
Makhleb
Nemelex Xobeh
Okawaru
Ru
Sif Muna
Trog
Vehumet
Wu Jian
Yredelemnul
Zin
The Shining One

Portals:
Abyss: D:3

Annotations:
D:3 2 transporters, Mrcawl's ghost, weakling DrGl
D:4 2 runed translucent doors, Xavori's ghost, novice OpCK


Innate Abilities, Weirdness & Mutations

You reflexively headbutt those who attack you in melee.
You have a pair of horns on your head.


Message History

The centaur hits you.
You take 3 damage, and have 72/75 hp.
Your scale mail prevents you from hitting the centaur.
You headbutt the centaur!
The centaur is almost dead. "...were not believing!
And hearing this, the people rose up..."
The centaur is confused by your recitation.
The white imp gestures at you.
The puff of frost hits you but does no damage.
You catch the helpless centaur completely off-guard!
You hit the centaur.
You kill the centaur! "...and embraced belief, for they feared Zin's wrath."
You finish reciting Ablutions 2:73.
The white imp gestures at you. The puff of frost misses you.
Your Armour skill increases to level 5!
You hit the white imp but do no damage. Your headbutt misses the white imp.
The white imp hits you but does no damage.
You hit the white imp but do no damage. Your headbutt misses the white imp.
The white imp grinds its teeth.
The white imp closely misses you.
MP restored: 9 You slash the white imp!
You headbutt the white imp.
You kill the white imp!
No target in view!
No target in view!
No target in view!
No target in view!
As you read the scroll labelled YMI DUEQIGENUGG, it crumbles to dust.
It is a scroll of enchant armour.
Your +0 pair of gloves glows green for a moment.
As you read the scroll labelled JOROETSOXZO, it crumbles to dust.
You feel strangely unstable.
It was a scroll of teleportation.
Found 16 gold pieces.
Found 13 gold pieces.
Found an opulent altar of Gozag.
Your surroundings suddenly seem different.
Found a broken altar of Ashenzari.
Found a stone staircase leading up.
As you read the scroll labelled RUETAE IPSOWN, it crumbles to dust.
It is a scroll of identify.
c - 2 potions of mutation Health restored: 75
As you read the scroll labelled SOTUCYU QOCSOUT, it crumbles to dust.
You feel aware of your surroundings.
You sensed 1 altar, and 2 shops/portals.
It was a scroll of magic mapping.
As you read the scroll labelled KUGREA VUHUOPUY, it crumbles to dust.
You assume a fearsome visage.
Nothing appears to happen.
It was a scroll of fear.
Okay, then.
A cyclops comes into view.
The cyclops shouts!
Zin grants you divine stamina.
You now have 7/9 mp.
You're not ready to recite again yet.
The cyclops throws a large rock.
The large rock misses you.
Found a stone staircase leading down.
You hit the cyclops but do no damage.
You are ready to recite again.
MP restored: 9 You hit the cyclops.
You headbutt the cyclops.
The cyclops is lightly wounded.
The cyclops closely misses you. You furiously retaliate!
You headbutt the cyclops, but do no damage.
Your scale mail prevents you from hitting the cyclops.
You headbutt the cyclops.
The cyclops is lightly wounded.
You barely miss the cyclops. You headbutt the cyclops!
The cyclops is moderately wounded.
The cyclops hits you!
You take 14 damage, and have 61/75 hp.
You completely miss the cyclops. You headbutt the cyclops.
The cyclops is heavily wounded.
The cyclops hits you.
You take 5 damage, and have 56/75 hp.
You hit the cyclops but do no damage.
You headbutt the cyclops, but do no damage.
The cyclops is heavily wounded.
You hit the cyclops but do no damage. You headbutt the cyclops.
The cyclops is heavily wounded.
The cyclops hits you!!
You take 29 damage, and have 27/75 hp.
MASSIVE DAMAGE!!
Okay, then.
Unknown command.
It was a potion of lignification.
Zin protects your body from unnatural transformation!
You feel woody for a moment. The cyclops hits you.
* * * LOW HITPOINT WARNING * * *
You take 5 damage, and have 22/75 hp.
You hit the cyclops but do no damage.
The cyclops is heavily wounded.
You barely miss the cyclops.
The cyclops is heavily wounded.
The cyclops closely misses you.
You hit the cyclops. You headbutt the cyclops!
The cyclops is severely wounded.
You completely miss the cyclops. You headbutt the cyclops.
The cyclops is severely wounded.
The cyclops hits you!!
You die...

,,,,,,*,,,,,*,,,,,,*
,,,,,,*,,,,,*,,,,,,*
,,,,,,**,,,**,,,,,,#
,,,,,,,*,,,*,,,,,,.#
,,,,,,,**,**,,,,,,.#
,***,.,,#,*,,,,###.###
,,,**#.###**,###.....#
,,,,,###...###....#<.###**
,,,,,..#._.#....@C......,*
,,,,,###...###..........,******
*,,**#.###*+,###..#.....,,,,,,*
,***,.,,#,*,,,,###....>.,,***,**#
*,,,,,,**,**,,,,,,......,,* *,,,.
*,,,,,,*,,,*,,,,,,####.#,,****###
,,,,,,**,,,**,,,,,* *,#,,,,,,,..
,,,,,,*,,,,,*,,,,,****,*,****,*,#
,,,,,,*,,,,,*,,,,,,,,,,,,* *,#,#


You could see a cyclops.

Vanquished Creatures
  A wraith (D:6)
  4 ogres
  2 centaurs
  A bullfrog (D:3)
  2 scorpions
  2 howler monkeys (D:5)
  A hound (D:5)
  An orc priest (D:5)
  A jelly (D:6)
  An iguana (D:5)
  Terence (D:2)
  Natasha (twice) (D:2)
  6 orc wizards
  3 worker ants
  6 gnolls
  12 adders
  A white imp (D:7)
  An ufetubus (D:6)
  4 oozes
  An adder skeleton (D:4)
  5 worms
  3 dart slugs
  3 leopard geckos
  15 orcs
  6 bats
  7 giant cockroaches
  6 hobgoblins
  4 jackals (D:3)
  5 kobolds
  2 quokkas
  2 ball pythons (D:4)
  8 frilled lizards
  8 goblins
  A jackal skeleton (D:5)
  2 leopard gecko skeletons (D:4)
  5 rats
135 creatures vanquished.

Vanquished Creatures (others)
  31 fungi (D:5)
31 creatures vanquished.

Grand Total: 166 creatures vanquished

Notes
Turn   | Place    | Note
-------+----------+-------------------------------------------
     0 | D:1      | SkeletonJelly the Minotaur Monk began the quest for the
                  | Orb.
     0 | D:1      | Reached XP level 1. HP: 19/19 MP: 0/0
   168 | D:1      | Reached XP level 2. HP: 27/27 MP: 1/1
  1210 | D:2      | Reached skill level 1 in Armour
  1226 | D:2      | Reached XP level 3. HP: 26/33 MP: 2/2
  1823 | D:2      | Noticed Natasha
  1830 | D:2      | Killed Natasha
  1831 | D:2      | Reached XP level 4. HP: 20/41 MP: 3/3
  1894 | D:2      | Noticed Natasha
  1897 | D:2      | Killed Natasha
  2162 | D:2      | Noticed Terence
  2172 | D:2      | Killed Terence
  2173 | D:2      | Reached skill level 5 in Fighting
  2173 | D:2      | Reached skill level 5 in Axes
  2173 | D:2      | Reached XP level 5. HP: 33/48 MP: 4/4
  2658 | D:3      | Found a transporter.
  2917 | D:3      | Found a transporter.
  2917 | D:3      | Noticed a small abomination
  2977 | D:3      | Reached XP level 6. HP: 57/57 MP: 5/5
  3083 | D:3      | Found a one-way gate to the infinite horrors of the Abyss.
  3083 | D:3      | Noticed Mrcawl's ghost (weakling DrGl)
  3084 | D:3      | Identified the +9 halberd of Extinguishment {distort,
                  | +Blink Str-4 Int+2 Stlth+}
  3984 | D:4      | Found a runed translucent door.
  3994 | D:4      | Noticed Xavori's ghost (novice OpCK)
  4194 | D:4      | Reached XP level 7. HP: 49/64 MP: 6/6
  4309 | D:4      | Found a runed translucent door.
  4361 | D:4      | Found a staircase to the Ecumenical Temple.
  4370 | Temple   | Entered the Ecumenical Temple
  4535 | Temple   | Became a worshipper of Zin the Law-Giver
  4535 | Temple   | Reached * piety under Zin
  4535 | Temple   | Reached ** piety under Zin
  4535 | Temple   | Reached *** piety under Zin
  4815 | D:5      | Entered Level 5 of the Dungeon
  5290 | D:5      | Reached skill level 5 in Dodging
  5295 | D:5      | Reached skill level 1 in Invocations
  6120 | D:5      | Reached XP level 8. HP: 70/73 MP: 8/8
  6249 | D:5      | Reached **** piety under Zin
  7783 | D:7      | Reached skill level 5 in Armour
  7790 | D:7      | Found an opulent altar of Gozag.
  7791 | D:7      | Found a broken altar of Ashenzari.
  7795 | D:7      | Noticed a cyclops
  7811 | D:7      | Slain by a cyclops

Illustrated notes

Levels and vault maps discovered:
D:1:      minmay_arrival_loop, layout_basic, hex_large
D:2:      minmay_wonky_spiral, layout_loops_corners, uniq_natasha, uniq_terence
D:3:      layout_basic, gammafunk_ghost_abyssal_escape
D:4:      layout_gridville, temple_hall, ebering_ghost_sewer_f
D:5:      layout_basic, serial_aquarium, aquarium_bridge_long_joined
          [aquarium_subvault_wall, aquarium_subvault_window,
          aquarium_subvault_window, aquarium_subvault_bridge,
          aquarium_subvault_window, aquarium_subvault_bridge],
          aquarium_bridge_island_small [aquarium_subvault_small_open,
          aquarium_subvault_bridge, aquarium_subvault_window,
          aquarium_subvault_window, aquarium_subvault_bridge],
          aquarium_window_fake, aquarium_window_3, aquarium_view_2b,
          aquarium_view_2d, aquarium_balcony_3a, corner_web_ring,
          chequers_serial_rivers_small_b, roderic_lattice_a
D:6:      layout_loops_ring, corexii_corridor_pit
D:7:      layout_basic, nicolae_gozag_seed_capital, kb_xom_exploding_sheep,
          nicolae_ossuary_entry_catacombs, serial_shops, nicolae_shop_trees,
          gammafunk_ghost_split, nicolae_ashenzari_panopticon
Temple:   nicolae_temple_elliptical

Skill      XL: |  1  2  3  4  5  6  7  8 |
---------------+-------------------------+-----
Axes           | 4 5 6 7 8 |  8.3
Fighting       | 4 5 6 7 8 |  8.4
Armour         | 1 2 3 4 5 |  5.0
Dodging        | 4 5 |  5.0
Invocations    | 1 2 |  2.8
Stealth        | |  1.5

Action                   |  1- 3 |  4- 6 |  7- 9 || total
-------------------------+-------+-------+-------++-------
Melee: Hand axe          |    84 |   148 |   148 ||   380
       Headbutt          |    16 |    20 |    35 ||    71
Throw: Dart              |     1 |     5 |     2 ||     8
Invok: Recite            |       |       |    10 ||    10
       Vitalisation      |       |       |     1 ||     1
  Use: Scroll            |       |       |     5 ||     5
       Potion            |       |       |     1 ||     1
 Stab: Sleeping          |     7 |       |       ||     7
       Confused          |       |       |     2 ||     2
Armor: Robe              |     3 |       |       ||     3
       Leather armour    |     8 |     1 |       ||     9
       Scale mail        |       |    73 |    39 ||   112
Dodge: Dodged            |    46 |    97 |    73 ||   216

Table legend: (Time is in decaauts)
 A = Elapsed time spent in this place.
 B = Non-inter-level travel time spent in this place.
 C = Inter-level travel time spent in this place.
 D = Time resting spent in this place.
 E = Time spent auto-exploring this place.
 F = Levels seen in this place.
 G = Mean time per level.
                   A        B        C        D        E       F      G
               +--------+--------+--------+--------+--------+-----+--------+
         Total |   7823 |   7265 |    558 |      0 |   6379 |   8 |  977.9 |
       Dungeon |   7652 |   7121 |    531 |      0 |   6238 |   7 | 1093.1 |
        Temple |    170 |    143 |     27 |      0 |    141 |   1 |  170.0 |
               +--------+--------+--------+--------+--------+-----+--------+

Top non-repeatable levels by time:
     D:4: 1651 daAuts
     D:5: 1489 daAuts
     D:2: 1384 daAuts
     D:6: 1162 daAuts
     D:1: 1145 daAuts
     D:3: 789 daAuts
  Temple: 170 daAuts
     D:7: 30 daAuts
